 Dungeon Sprint DCSS version 0.18-a0-1778-gadce9fa (webtiles) character file.

318510 mmcf the Conqueror (level 20, -9/197 HPs)
             Began as a Formicid Fighter on Apr 16, 2016.
             Was the Champion of Cheibriados.
             Killed from afar by an electric golem (49 damage)
             ... with a bolt of lightning
             ... in the Dungeon (Sprint IX: "|||||||||||||||||||||||||||||").
             The game lasted 00:42:58 (7543 turns).

mmcf the Conqueror (Formicid Fighter)               Turns: 7543, Time: 00:42:58

Health: -9/197     AC: 38    Str: 41    XL:     20   Next: 77%
Magic:  20/31      EV: 38    Int: 28    God:    Cheibriados [******]
Gold:   274        SH: 32    Dex: 32    Spells: 0 memorised, 19 levels left

rFire  + . .     SeeInvis +     a - +9 demon blade (elec)
rCold  + . .     Gourm    .     U - +6 chain mail "Daysiwaf" {+Fly rC+ Dex+4}
rNeg   + . .     Faith    .     j - +0 large shield {AC+3}
rPois  .         Spirit   .     (helmet unavailable)
rElec  .         Dismiss  .     c - +1 cloak
rCorr  .         Reflect  .     T - +1 pair of gloves
SustAt .         Harm     .     r - +0 pair of boots
MR     ++...                    I - amulet of regeneration
Stlth  ..........               G - ring of protection from fire
                                Q - ring "Teethri" {rN+ AC+3 Str+2 Int+4}

@: very slow, very resistant to hostile enchantments, extremely unstealthy
A: permanent stasis, dig shafts and tunnels, four strong arms, antennae 3,
clumsy 1, low mp 1
a: Dig, Bend Time, Temporal Distortion, Slouch, Step From Time, Renounce
Religion, Evoke Flight
}: 5/15 runes: decaying, serpentine, barnacled, silver, gossamer


You were in the Dungeon.
You worshipped Cheibriados.
Cheibriados was exalted by your worship.
You were hungry.

You visited 1 branch You collected 1989 gold pieces.
You spent 1715 gold pieces at shops.

Inventory:

Hand Weapons
 a - a +9 demon blade of electrocution (weapon)
 b - a +5 triple sword of draining
 Z - a +1 great sword of protection
Armour
 c - a +1 cloak (worn)
 j - a +0 large shield of protection (worn)
 r - a +0 pair of boots (worn)
 S - the +6 plate armour of Ru's Generosity {Stlth+}
   (You found it in the Dungeon)

   It makes you more stealthy.
 T - a +1 pair of gloves (worn)
 U - the +6 chain mail "Daysiwaf" (worn) {+Fly rC+ Dex+4}
   (You found it in the Dungeon)

   It affects your dexterity (+4).
   It protects you from cold.
   It lets you fly.
Jewellery
 t - the ring of Tiyzun {Ice *Contam Str+3 Int-4 Dex+8}
   (You found it in the Dungeon)

   [ring of ice]

   It enhances your ice magic, and weakens your fire magic.
   It affects your strength (+3).
   It affects your intelligence (-4).
   It affects your dexterity (+8).
   It makes you vulnerable to fire.
   It protects you from cold.
   It causes magical contamination when unequipped.
 G - a ring of protection from fire (right hand)
 H - an uncursed ring of protection from cold
 I - an amulet of regeneration (around neck)
 O - an uncursed ring of protection from fire
 P - an uncursed ring of protection from magic
 Q - the ring "Teethri" (left hand) {rN+ AC+3 Str+2 Int+4}
   (You found it in the Dungeon)

   [ring of protection]

   It affects your AC (+3).
   It affects your strength (+2).
   It affects your intelligence (+4).
   It protects you from negative energy.
 W - the ring of Taizoj {rElec Slay+3}
   (You found it in the Dungeon)

   [ring of slaying]

   It affects your accuracy and damage with ranged weapons and melee attacks
   (+3).
   It insulates you from electricity.
 X - the ring of Gead {rN+ MP+9 Int+3 SInv Stlth+}
   (You found it in the Dungeon)

   [ring of see invisible]

   It affects your intelligence (+3).
   It protects you from negative energy.
   It affects your magic capacity (+9).
   It lets you see invisible.
   It makes you more stealthy.
 Y - the ring "Kaeneim" {rElec rPois MP+9 Dex+4}
   (You found it in the Dungeon)

   [ring of poison resistance]

   It affects your dexterity (+4).
   It insulates you from electricity.
   It protects you from poison.
   It affects your magic capacity (+9).
Wands
 o - a wand of lightning (6/15)
 s - a wand of heal wounds (3/9)
 C - a wand of lightning (3/15)
 L - a wand of lightning (7/15)
Scrolls
 m - 4 scrolls of remove curse
 n - 2 scrolls of amnesia
 p - 4 scrolls of identify
 y - 8 scrolls of recharging
 z - 6 scrolls of enchant armour
 A - 4 scrolls of enchant weapon
 B - 2 scrolls of fog
 F - a scroll of immolation {unknown}
 R - a scroll of fear {unknown}
Potions
 d - 2 potions of might
 e - 10 potions of curing
 g - a potion of invisibility
 h - 2 potions of resistance
 i - 4 potions of magic
 l - 9 potions of heal wounds
 v - 2 potions of agility
 w - a potion of brilliance
 x - 2 potions of cure mutation
Comestibles
 f - 13 bread rations
 D - 40 fruits
 E - 10 meat rations


   Skills:
 O Level 27 Fighting
 + Level 26.8 Long Blades
 O Level 27 Armour
 O Level 27 Dodging
 O Level 27 Shields
 + Level 22.5 Invocations
 + Level 20.2 Evocations


You had 19 spell levels left.
You didn't know any spells.

Dungeon Overview and Level Annotations

Branches:
Dungeon (1/1)

Altars:
Cheibriados
Dithmenos
Elyvilon
Fedhas
Gozag
Kikubaaqudgha
Makhleb
Nemelex Xobeh
Okawaru
Pakellas
Qazlal
Ru
Sif Muna
Trog
Vehumet
Xom
Yredelemnul
Zin
The Shining One
Beogh
Jiyva
Lugonu

Shops:
D *??=


Innate Abilities, Weirdness & Mutations

You are under a permanent stasis effect.
You can dig through walls and to a lower floor.
Your four strong arms can wield two-handed weapons with a shield.
You have a pair of large antennae on your head (SInv).
You are clumsy. (Dex -2)
Your magical capacity is low (-10% MP).


Message History

The storm dragon completely misses you.
The black draconian hits you with a broad axe.
* * * LOW HITPOINT WARNING * * *
You completely miss the storm dragon.
The storm dragon is heavily wounded.
You block the storm dragon's attack. x3
You cut the storm dragon into ribbons!!!
The storm dragon is severely wounded.
You block the storm dragon's attack. The storm dragon completely misses you.
You block the storm dragon's attack.
You slice the storm dragon!!
You kill the storm dragon!
Cheibriados thoroughly appreciates the change of pace.
You block the black draconian's attack.
You slash the black draconian!
The black draconian is lightly wounded.
The electric golem hurls lightning at you.
The bolt of lightning misses the black draconian.
The bolt of lightning hits you!
You die...

▓.▓.▓.▓.▓.▓.▓}▓.♣.
{
▓.▓.▓.▓.▓!▓.▓[▓.♣.
{
▓.▓.▓.▓.▓.▓.▓)▓.♣.
{
▓.▓.▓.▓.▓.▓.▓)▓.♣.
{
▓.▓.▓)▓.▓.▓.▓)▓.♣.
{
▓.▓.▓)▓.▓.▓.▓)▓.♣%
{
▓q▓.▓)▓.▓[▓.▓'▓.♣.
{
▓†▓.▓)▓.▓[▓.▓.▓.♣÷
{
▓@▓.▓'▓.▓[▓.▓.▓.▓.
▓d▓.▓.▓.▓[▓.▓.▓.▓.
{
▓.▓.▓.▓.▓[▓.▓.▓.▓.
{
▓'▓.▓.▓.▓[▓.▓.▓.▓.
▓.▓.▓.▓.▓[▓.▓)▓.▓.
{
▓'▓.▓.▓.▓=▓.▓)▓.▓.
{
▓.▓.▓)▓.▓.▓.▓)▓.▓.
▓8▓.▓)▓.▓.▓.▓.▓.▓%
{
▓.▓.▓'▓.▓)▓.▓.▓.▓.


You could see an electric golem, a black draconian and a purple draconian
shifter.

Vanquished Creatures
  2 orbs of fire (D)
  Mennas (D)
  Mara (D)
  4 ancient liches (D)
  Norris (D)
  Margery (D)
  A curse toe (D)
  Xtahua (D)
  Jory (D)
  2 electric golems (D)
  A lich (D)
  4 tentacled monstrosities (D)
  14 Orb Guardians (D)
  2 death cobs (D)
  3 sphinxes (D)
  6 shadow dragons (D)
  3 storm dragons (D)
  Kirke (D)
  2 greater nagas (D)
  Ilsuiw (D)
  2 draconian knights (D)
  A frost giant (D)
  A fire giant (D)
  An emperor scorpion (D)
  2 vault wardens (D)
  2 ironheart preservers (D)
  A draconian shifter (D)
  Louise (D)
  A very ugly thing (D)
  A war gargoyle (D)
  A spriggan defender (D)
  A draconian annihilator (D)
  4 green draconians (D)
  4 stone giants (D)
  A salamander stormcaller (D)
  A black draconian (D)
  2 mottled draconians (D)
  3 yellow draconians (D)
  4 purple draconians (D)
  5 red draconians (D)
  Azrael (D)
  Snorg (D)
  5 merfolk javelineers (D)
  A deep elf death mage (D)
  An ogre mage (D)
  3 yaktaur captains (D)
  A minotaur (shapeshifter) (D)
  4 merfolk impalers (D)
  A deep elf high priest (D)
  25 vault guards (D)
  4 fire dragons (D)
  5 ice dragons (D)
  A rakshasa (D)
  2 great orbs of eyes (D)
  6 naga warriors (D)
  9 hydras (D)
  An anaconda (D)
  2 merfolk aquamancers (D)
  2 merfolk avatars (D)
  A spriggan air mage (D)
  A shock serpent (shapeshifter) (D)
  2 tengu warriors (D)
  An alligator (D)
  3 centaur warriors (D)
  2 small abominations (D)
  An orc high priest (D)
  A vampire mage (D)
  A naga sharpshooter (D)
  Sonja (D)
  3 hell knights (D)
  2 giant orange brains (D)
  An unseen horror (D)
  2 sea snakes (D)
  6 swamp dragons (D)
  A shambling mangrove (D)
  A deep elf archer (D)
  5 ironbrand convokers (D)
  2 hill giants (D)
  A harpy (shapeshifter) (D)
  9 orc knights (D)
  A necromancer (D)
  2 deep elf magi (D)
  6 wolf spiders (D)
  A cyclops (D)
  A griffon (D)
  A manticore (D)
  16 moths of wrath (D)
  Joseph (D)
  Maurice (D)
  A siren (D)
  4 vault sentinels (D)
  5 black mambas (D)
  3 naga magi (D)
  A guardian serpent (D)
  5 spiny frogs (D)
  A gargoyle (D)
  A freezing wraith (D)
  3 demonic crawlers (D)
  A komodo dragon (shapeshifter) (D)
  An efreet (D)
  A komodo dragon (D)
  2 yaktaurs (D)
  3 merfolk (D)
  A jumping spider (shapeshifter) (D)
  A troll (shapeshifter) (D)
  3 jumping spiders (D)
  A slime creature (D)
  A bog body (D)
  A blink frog (D)
  A snapping turtle (D)
  4 redbacks (D)
  3 hogs (D)
  2 tarantellas (D)
  A shadow (D)
  4 fire elementals (D)
  A wraith (D)
  A human (shapeshifter) (D)
  A hungry ghost (D)
  2 basilisks (D)
  A vampire mosquito (D)
  A hippogriff (D)
  4 nagas (D)
  2 wargs (D)
  4 mottled dragons (D)
  2 hell hounds (D)
  2 water moccasins (D)
  2 porcupines (D)
  2 swamp drakes (D)
  A sky beast (D)
  16 orc warriors (D)
  A phantom (D)
  2 wasps (D)
  6 wolves (D)
  4 crocodiles (D)
  A centaur (D)
  2 boggarts (D)
  3 giant frogs (D)
  A howler monkey (D)
  5 orc priests (D)
  A jelly (D)
  A hound (D)
  2 iguanas (D)
  6 orc wizards (D)
  A dart slug (D)
  An adder simulacrum (D)
  5 orcs (D)
  A bat (D)
  A bat zombie (D)
  2 giant cockroaches (D)
  A goblin (D)
  A giant gecko zombie (D)
  A giant newt (D)
  A jackal skeleton (D)
  A quokka zombie (D)
  A rat (D)
  3 crawling corpses (D)
395 creatures vanquished.

Notes
Turn   | Place    | Note
--------------------------------------------------------------
     0 | D        | mmcf the Formicid Fighter began the quest for the Orb.
     0 | D        | Reached XP level 1. HP: 18/18 MP: 1/1
    64 | D        | Noticed an orc wizard
    64 | D        | Noticed a centaur
    64 | D        | Noticed a hound
    65 | D        | Reached XP level 2. HP: 25/25 MP: 2/2
    72 | D        | Reached skill level 5 in Fighting
    72 | D        | Reached skill level 5 in Armour
    72 | D        | Reached XP level 3. HP: 17/33 MP: 3/3
    75 | D        | HP: 1/33 [centaur (8)]
    77 | D        | Killed a centaur
    77 | D        | Reached skill level 5 in Long Blades
    77 | D        | Reached XP level 4. HP: 20/41 MP: 4/4
    77 | D        | Reached XP level 5. HP: 23/47 MP: 5/5
   252 | D        | Found a glowing silver altar of Zin.
   252 | D        | Found a glowing golden altar of the Shining One.
   252 | D        | Found an ancient bone altar of Kikubaaqudgha.
   252 | D        | Found a basalt altar of Yredelemnul.
   252 | D        | Found a shimmering altar of Xom.
   252 | D        | Found a radiant altar of Vehumet.
   253 | D        | Found an iron altar of Okawaru.
   254 | D        | Found a burning altar of Makhleb.
   255 | D        | Found a deep blue altar of Sif Muna.
   256 | D        | Found a bloodstained altar of Trog.
   257 | D        | Found a sparkling altar of Nemelex Xobeh.
   258 | D        | Found a white marble altar of Elyvilon.
   259 | D        | Found a roughly hewn altar of Beogh.
   260 | D        | Found a viscous altar of Jiyva.
   261 | D        | Found a corrupted altar of Lugonu.
   262 | D        | Found a blossoming altar of Fedhas.
   263 | D        | Found a snail-covered altar of Cheibriados.
   264 | D        | Found a shadowy altar of Dithmenos.
   265 | D        | Found a stormy altar of Qazlal.
   266 | D        | Found an opulent altar of Gozag.
   267 | D        | Found a sacrificial altar of Ru.
   270 | D        | Found an oddly glowing altar of Pakellas.
   307 | D        | Became a worshipper of Cheibriados the Contemplative
   456 | D        | Noticed a sky beast
   456 | D        | Noticed a phantom
   460 | D        | Reached skill level 1 in Dodging
   460 | D        | Reached skill level 1 in Invocations
   463 | D        | Reached XP level 6. HP: 56/56 MP: 5/8
   465 | D        | Reached * piety under Cheibriados
   474 | D        | Killed a phantom
   474 | D        | Reached ** piety under Cheibriados
   475 | D        | Reached skill level 5 in Invocations
   483 | D        | Killed a sky beast
   483 | D        | Reached *** piety under Cheibriados
   483 | D        | Reached XP level 7. HP: 64/64 MP: 7/11
   516 | D        | Noticed a gargoyle
   516 | D        | Noticed a mottled dragon
   516 | D        | Noticed a hungry ghost
   516 | D        | Noticed a hill giant
   533 | D        | Killed a hill giant
   533 | D        | Reached **** piety under Cheibriados
   533 | D        | Reached skill level 10 in Fighting
   533 | D        | Reached XP level 8. HP: 23/73 MP: 11/14
   557 | D        | Killed a gargoyle
   557 | D        | Reached skill level 10 in Long Blades
   557 | D        | Reached XP level 9. HP: 18/81 MP: 14/16
  1041 | D        | Noticed a spiny frog
  1051 | D        | Reached ***** piety under Cheibriados
  1057 | D        | Noticed a spiny frog
  1059 | D        | Reached skill level 10 in Invocations
  1063 | D        | Killed a spiny frog
  1063 | D        | Reached skill level 5 in Shields
  1067 | D        | Noticed a komodo dragon
  1075 | D        | Reached ****** piety under Cheibriados
  1081 | D        | Killed a spiny frog
  1083 | D        | Killed a komodo dragon
  1083 | D        | Reached XP level 10. HP: 62/90 MP: 18/18
  1262 | D        | Noticed a black mamba
  1267 | D        | Killed a black mamba
  1292 | D        | Reached skill level 10 in Armour
  1626 | D        | Noticed an orc knight
  1626 | D        | Noticed an orc high priest
  1631 | D        | Noticed an ice devil
  1632 | D        | Killed an orc high priest
  1632 | D        | Reached XP level 11. HP: 76/98 MP: 20/20
  1639 | D        | Killed an orc knight
  1884 | D        | Found Hixo Vam's Jewellery Boutique.
  1884 | D        | Noticed an orc knight
  1884 | D        | Noticed an orc knight
  1884 | D        | Noticed an orc knight
  1893 | D        | Killed an orc knight
  1897 | D        | Killed an orc knight
  1898 | D        | Noticed an orc knight
  1909 | D        | Killed an orc knight
  1917 | D        | Killed an orc knight
  1918 | D        | Found Durijyr's Magic Scroll Shop.
  1926 | D        | Found Zutef's Magic Scroll Boutique.
  1928 | D        | Found Xanaome's General Store.
  1928 | D        | Noticed an orc knight
  1933 | D        | Noticed an orc knight
  1942 | D        | Killed an orc knight
  1951 | D        | Killed an orc knight
  1951 | D        | Reached skill level 10 in Dodging
  1962 | D        | Reached skill level 15 in Fighting
  1965 | D        | Noticed an orc knight
  1976 | D        | Killed an orc knight
  2045 | D        | Bought an uncursed ring of protection from fire for 325 gold pieces
  2045 | D        | Bought an uncursed ring of protection from cold for 325 gold pieces
  2045 | D        | Bought an uncursed amulet of regeneration for 390 gold pieces
  2047 | D        | Bought a scroll of identify for 22 gold pieces
  2047 | D        | Bought a scroll of enchant armour for 82 gold pieces
  2049 | D        | Bought a scroll of enchant armour for 105 gold pieces
  2049 | D        | Bought a scroll of enchant weapon for 105 gold pieces
  2049 | D        | Bought a scroll of recharging for 133 gold pieces
  2049 | D        | Bought a scroll of enchant weapon for 105 gold pieces
  2051 | D        | Bought a scroll of recharging for 123 gold pieces
  2068 | D        | Noticed Sonja
  2073 | D        | Noticed Maurice
  2074 | D        | Killed Sonja
  2074 | D        | Reached XP level 12. HP: 110/110 MP: 21/21
  2080 | D        | Killed Maurice
  2200 | D        | Got the +6 plate armour of Ru's Generosity {Stlth+}
  2256 | D        | Got the +6 chain mail "Daysiwaf" {+Fly rC+ Dex+4}
  2292 | D        | Noticed an unseen horror
  2303 | D        | Noticed a minotaur
  2303 | D        | a griffon changed into a minotaur
  2308 | D        | Killed a minotaur
  2319 | D        | Killed an unseen horror
  2323 | D        | Noticed a rakshasa
  2325 | D        | Noticed an ogre mage
  2330 | D        | Noticed a brown very ugly thing
  2336 | D        | Noticed a great orb of eyes
  2341 | D        | Noticed a vampire mage
  2359 | D        | Killed a brown very ugly thing
  2360 | D        | Noticed a shadow wraith
  2390 | D        | Killed an ogre mage
  2390 | D        | Reached skill level 15 in Long Blades
  2399 | D        | Killed a great orb of eyes
  2412 | D        | Killed a vampire mage
  2428 | D        | Killed a rakshasa
  2563 | D        | Noticed a tengu warrior
  2575 | D        | Killed a tengu warrior
  2621 | D        | Noticed Joseph
  2629 | D        | Killed Joseph
  2629 | D        | Reached skill level 15 in Armour
  2646 | D        | Reached XP level 13. HP: 109/119 MP: 22/22
  2654 | D        | Noticed Azrael
  2662 | D        | Killed Azrael
  2809 | D        | Noticed a merfolk avatar
  2810 | D        | Noticed a merfolk impaler
  2843 | D        | Killed a merfolk avatar
  2849 | D        | Killed a merfolk impaler
  3031 | D        | Noticed an anaconda
  3039 | D        | Killed an anaconda
  3196 | D        | Noticed a yaktaur captain
  3196 | D        | Noticed a stone giant
  3196 | D        | Noticed a great orb of eyes
  3196 | D        | Noticed a centaur warrior
  3197 | D        | Noticed a yaktaur captain
  3199 | D        | Killed a centaur warrior
  3199 | D        | Reached XP level 14. HP: 134/134 MP: 23/23
  3210 | D        | Noticed a sphinx
  3213 | D        | Killed a stone giant
  3220 | D        | Noticed a spriggan defender
  3222 | D        | Noticed a stone giant
  3244 | D        | Killed a sphinx
  3244 | D        | Reached skill level 15 in Dodging
  3248 | D        | Killed a spriggan defender
  3256 | D        | Killed a stone giant
  3261 | D        | Noticed a stone giant
  3274 | D        | Killed a stone giant
  3494 | D        | Noticed an ironheart preserver
  3497 | D        | Noticed a vault warden
  3518 | D        | Noticed an ironheart preserver
  3518 | D        | Killed an ironheart preserver
  3528 | D        | Killed a vault warden
  3545 | D        | Killed an ironheart preserver
  3545 | D        | Reached XP level 15. HP: 137/149 MP: 24/24
  3560 | D        | Noticed an Orb Guardian
  3569 | D        | Killed an Orb Guardian
  3574 | D        | Noticed a lich
  3582 | D        | Killed a lich
  3584 | D        | Noticed an Orb Guardian
  3584 | D        | Noticed a sphinx
  3595 | D        | Killed an Orb Guardian
  3599 | D        | Killed a sphinx
  3601 | D        | Noticed a black draconian knight
  3601 | D        | Noticed an Orb Guardian
  3613 | D        | Killed an Orb Guardian
  3618 | D        | Killed a black draconian knight
  3792 | D        | Noticed Margery
  3816 | D        | Killed Margery
  3816 | D        | Reached skill level 10 in Shields
  4102 | D        | Noticed Norris
  4122 | D        | Killed Norris
  4122 | D        | Reached XP level 16. HP: 138/164 MP: 25/25
  4342 | D        | Noticed Kirke
  4358 | D        | Killed Kirke
  4385 | D        | Noticed Snorg
  4391 | D        | Killed Snorg
  4403 | D        | Noticed Xtahua
  4413 | D        | Killed Xtahua
  4571 | D        | Noticed a greater naga
  4577 | D        | Killed a greater naga
  4590 | D        | Noticed a greater naga
  4605 | D        | Killed a greater naga
  4607 | D        | Reached skill level 27 in Fighting
  4649 | D        | Got a serpentine rune of Zot
  4710 | D        | Reached skill level 15 in Shields
  4755 | D        | Got a gossamer rune of Zot
  5110 | D        | Got a decaying rune of Zot
  5127 | D        | Noticed Ilsuiw
  5153 | D        | Reached XP level 17. HP: 155/174 MP: 26/26
  5184 | D        | Killed Ilsuiw
  5204 | D        | Got a barnacled rune of Zot
  5326 | D        | Noticed Mara
  5342 | D        | Noticed mmcf's illusion
  5353 | D        | Killed Mara
  5462 | D        | Noticed Louise
  5468 | D        | Killed Louise
  5688 | D        | Noticed an ancient lich
  5688 | D        | Noticed a sphinx
  5712 | D        | Killed an ancient lich
  5712 | D        | Reached XP level 18. HP: 171/182 MP: 27/27
  5755 | D        | Reached skill level 10 in Evocations
  5836 | D        | Noticed an ancient lich
  5836 | D        | Noticed a tentacled monstrosity
  5847 | D        | Killed a tentacled monstrosity
  5865 | D        | Killed an ancient lich
  5865 | D        | Reached skill level 15 in Invocations
  5896 | D        | Got a silver rune of Zot
  5907 | D        | Got a crude scimitar
  5915 | D        | Identified the +2 scimitar "Ufeyff" {flame, MP+9} (You found it in the Dungeon)
  6017 | D        | Got the ring of Tiyzun {Ice *Contam Str+3 Int-4 Dex+8}
  6019 | D        | Got the ring "Teethri" {rN+ AC+3 Str+2 Int+4}
  6021 | D        | Got the ring of Taizoj {rElec Slay+3}
  6023 | D        | Got the ring of Gead {rN+ MP+9 Int+3 SInv Stlth+}
  6025 | D        | Got the ring "Kaeneim" {rElec rPois MP+9 Dex+4}
  6174 | D        | Noticed Jory
  6187 | D        | Killed Jory
  6190 | D        | Noticed Mennas
  6227 | D        | Killed Mennas
  6405 | D        | Reached XP level 19. HP: 182/189 MP: 31/31
  6470 | D        | Noticed a tentacled monstrosity
  6486 | D        | Killed a tentacled monstrosity
  6529 | D        | Noticed an electric golem
  6573 | D        | Killed an electric golem
  6604 | D        | Noticed a tentacled monstrosity
  6614 | D        | Killed a tentacled monstrosity
  6643 | D        | Reached skill level 27 in Armour
  6769 | D        | Noticed a curse toe
  6797 | D        | Killed a curse toe
  7098 | D        | Noticed an Orb Guardian
  7098 | D        | Noticed an Orb Guardian
  7098 | D        | Noticed an Orb Guardian
  7098 | D        | Noticed an Orb Guardian
  7098 | D        | Noticed an Orb Guardian
  7098 | D        | Noticed an Orb Guardian
  7103 | D        | Killed an Orb Guardian
  7108 | D        | Noticed an Orb Guardian
  7108 | D        | Killed an Orb Guardian
  7121 | D        | Killed an Orb Guardian
  7132 | D        | Killed an Orb Guardian
  7134 | D        | Noticed an Orb Guardian
  7134 | D        | Killed an Orb Guardian
  7137 | D        | Killed an Orb Guardian
  7144 | D        | Killed an Orb Guardian
  7144 | D        | Reached skill level 27 in Dodging
  7144 | D        | Reached XP level 20. HP: 138/197 MP: 32/32
  7237 | D        | Reached skill level 15 in Evocations
  7274 | D        | Noticed an ancient lich
  7281 | D        | Killed an ancient lich
  7281 | D        | Reached skill level 27 in Shields
  7345 | D        | Noticed an orb of fire
  7354 | D        | Gained mutation: You are clumsy. (Dex -2) [an orb of fire]
  7356 | D        | Killed an orb of fire
  7450 | D        | Noticed an electric golem
  7465 | D        | Killed an electric golem
  7500 | D        | Noticed an orb of fire
  7500 | D        | Noticed a Killer Klown
  7500 | D        | Noticed an ancient lich
  7500 | D        | Noticed a tentacled monstrosity
  7503 | D        | Noticed an orb of fire
  7508 | D        | Killed a tentacled monstrosity
  7509 | D        | Noticed an electric golem
  7512 | D        | Killed an ancient lich
  7512 | D        | Gained mutation: Your magical capacity is low (-10% MP). [an orb of fire]
  7513 | D        | Noticed a tentacled monstrosity
  7520 | D        | Noticed an orb of fire
  7532 | D        | Killed an orb of fire
  7543 | D        | Killed from afar by an electric golem

Vault maps used:
D:        linesprint

Skill      XL: |  1  2  3  4  5  6  7  8  9 10 11 12 13 14 15 16 17 18 19 20 |
---------------+-------------------------------------------------------------+-----
Armour         | 4 5 6 7 9 11 13 15 17 19 20 24 27 | 27.0
Fighting       | 4 5 6 7 9 10 11 12 13 15 16 19 23 26 27 | 27.0
Long Blades    | 3 4 5 6 8 9 10 11 12 14 15 16 17 20 25 26 | 26.8
Dodging        | 2 4 6 7 8 10 12 14 16 17 20 27 | 27.0
Invocations    | 2 6 8 9 11 12 16 22 | 22.5
Shields        | 7 9 11 18 25 27 | 27.0
Evocations     | 2 4 7 8 13 14 20 | 20.2

Action                   |  1- 3 |  4- 6 |  7- 9 | 10-12 | 13-15 | 16-18 | 19-21 || total
-------------------------+-------+-------+-------+-------+-------+-------+-------++-------
Melee: Long sword        |    29 |     6 |       |       |       |       |       ||    35
       Scimitar          |       |    27 |    81 |   328 |   433 |       |       ||   869
       Demon blade       |       |       |       |       |       |   631 |   330 ||   961
Invok: Slouch            |       |       |       |     2 |     8 |     1 |     2 ||    13
       Step From Time    |       |       |       |       |     1 |       |     1 ||     2
 Abil: Evoke Flight      |       |       |       |       |       |       |     1 ||     1
Evoke: Wand              |       |       |       |     1 |       |       |     1 ||     2
  Use: Potion            |     1 |       |     1 |       |     5 |     2 |     4 ||    13
       Scroll            |       |       |       |       |       |    10 |       ||    10
 Stab: Confused          |       |       |       |       |     2 |       |       ||     2
  Eat: Chunk             |       |       |     1 |     4 |       |     2 |       ||     7
       Meat ration       |       |       |       |       |     1 |     1 |       ||     2
Armor: Scale mail        |    11 |     3 |       |       |       |       |       ||    14
       Plate armour      |       |    20 |    10 |    29 |       |       |       ||    59
       Chain mail        |       |       |       |    30 |    80 |    97 |    36 ||   243
Dodge: Dodged            |     7 |     4 |    15 |   110 |   253 |   315 |   113 ||   817
Block: Shield            |    15 |    19 |    28 |   137 |   231 |       |       ||   430
       Large shield      |       |       |       |       |       |   575 |   292 ||   867
